 Dungeon Crawl Stone Soup version 0.29-a0-598-gd8304a5bf4 (webtiles) character file.

Game seed: 7856703733565525027

24 vulpzor the Chiller (level 2, 0/11 HPs)
             Began as a Felid Ice Elementalist on June 16, 2022.
             Slain by a bat (1 damage)
             ... on level 1 of the Dungeon.
             The game lasted 00:03:22 (1659 turns).

vulpzor the Chiller (Felid Ice Elementalist)        Turns: 1659, Time: 00:03:23

Health: 0/11       AC:  1    Str:  4    XL:     2   Next: 79%
Magic:  6/6        EV: 18    Int: 16    God:
Gold:   42         SH:  0    Dex: 16    Spells: 4/5 levels left
                                        Lives:  0   Deaths: 0

rFire   . . .      SeeInvis +   (weapon unavailable)
rCold   . . .      Faith    .   (shield unavailable)
rNeg    . . .      Spirit   .   (body armour unavailable)
rPois   .          Reflect  .   (helmet unavailable)
rElec   .          Harm     .   (cloak unavailable)
rCorr   .          Rampage  .   (gloves unavailable)
Will    .....                   (boots unavailable)
Stlth   ++........              (no amulet)
HPRegen 0.03/turn               (no ring)
MPRegen 0.10/turn               (no ring)

@: lethally poisoned (0 -> -1), quick
A: very small, claws 1, fangs 3, see invisible, speed 1, shaggy fur 1, stealthy
paws, no weapons or thrown items, no armour, multi-lived
a: no special abilities


You were on level 1 of the Dungeon.
You visited 1 branch of the dungeon, and saw 1 of its levels.

You collected 42 gold pieces.

Inventory:

Scrolls
 b - a scroll of blinking {unknown}
 c - a scroll of noise {unknown}
 d - 2 scrolls of identify {unknown}
Potions
 a - a potion of magic


   Skills:
 + Level 3.2 Dodging
 + Level 3.3 Stealth
 + Level 2.3 Spellcasting
 + Level 3.8 Ice Magic


You had 4 spell levels left.
You knew the following spells:

 Your Spells              Type           Power      Damage    Failure   Level
a - Freeze                Ice            56%        1d7       4%          1

Your spell library contained the following spells:

 Spells                   Type           Power      Damage    Failure   Level
 Frozen Ramparts          Ice            28%        1d4       12%         3
 Ozocubu's Armour         Ice            14%        N/A       12%         3
 Hailstorm                Conj/Ice       8%         3d4       65%         4


Dungeon Overview and Level Annotations

Branches:
Dungeon (1/15)

Altars:


Innate Abilities, Weirdness & Mutations

You have sharp claws.
You have razor-sharp teeth.
You have supernaturally acute eyesight. (SInv)
You cover ground quickly. (Speed+)
You are covered in fur. (AC +1)
Your paws help you pounce on unaware monsters.
You are incapable of wielding weapons or throwing items.
You cannot wear armour.
You gain extra lives every three experience levels.


Message History

The kobold throws a stone.
The stone completely misses you.
The kobold throws a stone.
The stone completely misses you. The kobold misses you.
You scratch the kobold.
The kobold is moderately wounded.
The kobold hits you with a +0 short sword.
You scratch the kobold.
You kill the kobold!
Things that are here:
a +0 short sword; a stone You see here 10 stones.
d - 2 scrolls labelled USTRIE FYIZ (gained 1)
You open the door.
Found a stone staircase leading down.
There is an open door here.
A kobold comes into view.
It is wielding a +0 short sword of venom.
The helpless kobold fails to defend itself.
You scratch the kobold.
The kobold is severely wounded.
The kobold hits you with a +0 short sword of venom.
You are lethally poisoned!
You scratch the kobold.
You kill the kobold!
You feel sick.
A bat comes into view.
You feel sick.
You see here a +0 short sword of venom.
You are too injured to fight recklessly!
You are too injured to fight recklessly!
You are too injured to fight recklessly!
There is a lethal amount of poison in your body!
You feel sick.
* * * LOW HITPOINT WARNING * * *
You feel sick.
* * * LOW HITPOINT WARNING * * *
You feel sick. The bat misses you. The bat closely misses you.
You miss the bat.
* * * LOW HITPOINT WARNING * * *
You feel sick. The bat misses you. The bat hits you.
You die...

.# #.......# #.#.#.#.#.#
.## ##.....## ##.#.# #.#
#.# ###+### #.##.# #.#
#.## #...# ##.##.# #.#
##.#### #...# ####.###.#
#.# .##...####'####...##
#.# #.#
..####.........#### .#
#.#
#....#################.#
#.#
.............)..@b.....#
#.#
.###########...#######.#
#.# )# #...##### #.# .#
#########........ #.# .#
#.....#....###### #.# .+
+.....'...>..... #.#
.###.....#...###### #.#
..#(.....#...# #.#
.........##### #.#


You could see a bat.

Vanquished Creatures
  A dart slug (D:1)
  2 bats (D:1)
  5 endoplasms (D:1)
  2 goblins (D:1)
  2 hobgoblins (D:1)
  4 ball pythons (D:1)
  4 kobolds (D:1)
  A rat (D:1)
21 creatures vanquished.

Notes
Turn   | Place    | Note
-------+----------+-------------------------------------------
     0 | D:1      | vulpzor the Felid Ice Elementalist began the quest for the
                  | Orb.
     0 | D:1      | Reached XP level 1. HP: 7/7 MP: 4/4
   337 | D:1      | Reached XP level 2. HP: 3/11 MP: 0/6
  1659 | D:1      | Slain by a bat

Illustrated notes

Levels and vault maps discovered:
D:1:      dpeg_arrival_another_circle, layout_basic,
          shapermc_ecumenical_altar_mp_vishouse

Skill      XL: |  1 |
---------------+----+-----
Dodging        | 3 |  3.2
Stealth        | 3 |  3.3
Spellcasting   | |  2.3
Ice Magic      | |  3.8

Action                   || total
-------------------------++-------
Melee: Unarmed           ||    27
       Bite              ||     2
 Cast: Freeze            ||    16
 Stab: Sleeping          ||     7
Armor: Skin              ||     2
Dodge: Dodged            ||    22

Table legend: (Time is in decaauts)
 A = Elapsed time spent in this place.
 B = Non-inter-level travel time spent in this place.
 C = Inter-level travel time spent in this place.
 D = Time resting spent in this place.
 E = Time spent auto-exploring this place.
 F = Levels seen in this place.
 G = Mean time per level.
                   A        B        C        D        E       F      G
               +--------+--------+--------+--------+--------+-----+--------+
         Total |   1546 |   1546 |      0 |    248 |   1149 |   1 | 1546.0 |
       Dungeon |   1546 |   1546 |      0 |    248 |   1149 |   1 | 1546.0 |
               +--------+--------+--------+--------+--------+-----+--------+

Top non-repeatable levels by time:
     D:1: 1546 daAuts
